Map: Old Republic LE

Players

HoldTheDoor

  • Race: Protoss Protoss
  • League: Diamond
  • Spawn Location: 1:00

joht - Winner!

  • Race: Terran Terran
  • League: Diamond
  • Spawn Location: 7:00

VOD

Have the link to the VOD?

Description

Time

  • Played on: May 25, 2026, 12:42 p.m.
  • Length: 5:12
Show
View Real Time Build Order
Export as new Build Order

HoldTheDoor Protoss 

Build Orders: 1 Gate Expand 

Get SALT Encoding   

  12  0:00  Probe  
  13  0:12  Probe  
  14  0:18  Pylon  
  14  0:24  Probe  
  15  0:32  Probe  
  15  0:39  Gateway  
  15  0:40  Probe  
  16  0:49  Assimilator  
  17  0:51  Probe  
  18  1:01  Pylon  
  18  1:03  Probe  
  18  1:15  Probe  
  19  1:29  Nexus  
  19  1:36  Cybernetics Core  
  19  1:38  Probe  
  20  1:46  Pylon  
  20  1:52  Assimilator  
  20  1:53  Probe  
  21  2:02  Adept  
  21  2:04  Warp Gate  
  21  2:05  Probe  
  24  2:18  Probe  
  25  2:30  Probe  
  25  2:33  Sentry  
  28  2:42  Probe  
  28  2:43  Probe  
  30  2:45  Pylon  
  30  2:54  Probe  
  30  2:56  Shield Battery  
  30  2:57  Probe  
  32  3:06  Probe  
  32  3:09  Probe  
  34  3:18  Probe  
  35  3:21  Probe  
  35  3:25  Gateway  
  35  3:27  Gateway  
  36  3:30  Robotics Facility  
  36  3:32  Probe  
  36  3:33  Pylon, Probe  
  38  3:36  Shield Battery  
  38  3:44  Probe  
  38  3:46  Probe  
  40  3:49  Pylon  
  40  3:51  Twilight Council  
  40  3:56  Assimilator  
  40  3:57  Probe  
  40  3:59  Zealot  
  43  4:03  Probe  
  43  4:09  Probe  
  45  4:10  Pylon  
  45  4:18  Immortal  
  45  4:20  Sentry  
  45  4:21  Zealot  
  53  4:25  Zealot  
  53  4:28  Probe  
  56  4:32  Probe  
  57  4:39  Forge  
  57  4:42  Stalker  
Show
View Real Time Build Order
Export as new Build Order

joht Terran - Winner!

Build Orders: 1/1/1 

Get SALT Encoding   

  12  0:00  SCV  
  13  0:12  SCV  
  14  0:17  Supply Depot  
  14  0:24  SCV  
  15  0:39  SCV  
  15  0:40  Barracks  
  16  0:46  Refinery  
  16  0:49  Refinery  
  16  0:53  SCV  
  17  1:12  SCV  
  18  1:24  SCV  
  19  1:27  Marine  
  20  1:35  Factory  
  20  1:38  SCV  
  21  1:46  Barracks Reactor  
  21  1:55  Orbital Command  
  21  2:03  Supply Depot  
  21  2:19  Factory Tech Lab  
  21  2:22  Starport  
  21  2:24  Marine  
  21  2:29  Marine  
  23  2:32  SCV  
  24  2:41  Siege Tank  
  27  2:44  Marine  
  27  2:47  Marine  
  29  2:56  Supply Depot  
  30  3:12  SCV  
  30  3:17  Medivac, Marine, Siege Tank  
  36  3:22  Supply Depot  
  36  3:31  Medivac  
  38  3:34  SCV  
  39  3:43  Marine  
  39  3:47  Engineering Bay  
  40  3:54  Siege Tank  
  43  3:56  SCV  
  43  3:57  Supply Depot  
  44  4:05  Marine  
  45  4:18  Missile Turret  
  45  4:22  Liberator  
  45  4:23  Marine  
  49  4:29  Supply Depot  
  49  4:41  Marine  
Tags
 
Add a new tag
Caveats
  • Supply blocks, unpowered buildings, or Contaminate may cause inaccurate times.
  • Supply counts are checked every 10 seconds.